 Dungeon Crawl Stone Soup version 0.30.1-3-gfc49f6343a (webtiles) character file.

Game seed: 8025064537116928720

82 Babbit the Ruffian (level 4, 0/42 HPs)
             Began as a Troll Warper on Aug 3, 2023.
             Slain by a hobgoblin (5 damage)
             ... led by Robin
             ... on level 3 of the Dungeon.
             The game lasted 00:06:17 (1644 turns).

Babbit the Ruffian (Troll Warper)                   Turns: 1644, Time: 00:06:18

Health: 0/42       AC:  4    Str: 19    XL:     4   Next: 21%
Magic:  5/5        EV: 10    Int: 11    God:
Gold:   139        SH:  0    Dex:  9    Spells: 5/5 levels left

rFire   . .          .
                       - Unarmed
rCold   . . .        i - orb {mayhem}
rNeg    . . .        a - +0 robe
rPois   .            (helmet restricted)
rElec   .            (no cloak)
rCorr   .            (gloves unavailable)
SInv    .            (boots unavailable)
Will    .....        (no amulet)
Stlth   +            (no ring)
HPRegen 1.07/turn    (no ring)
MPRegen 0.09/turn

%: mayhem
@: no status effects
A: large, unfitting armour, claws 3, regeneration 1, shaggy fur 1, tough skin 1
a: no special abilities


You were on level 3 of the Dungeon.
You visited 1 branch of the dungeon, and saw 3 of its levels.

You collected 139 gold pieces.

Inventory:

Missiles
 c - 7 boomerangs of dispersal (quivered)
Armour
 a - a +0 robe (worn)
 i - an orb of mayhem (worn)
Scrolls
 b - a scroll of blinking
 d - 2 scrolls of identify
 g - a scroll of noise {unknown}
 j - a scroll of teleportation {unknown}
 k - a scroll of enchant weapon {unknown}
 l - 2 scrolls of fear {unknown}
 o - 2 scrolls of immolation {unknown}
Potions
 e - a potion of flight {unknown}
 f - 2 potions of lignification
 h - 2 potions of brilliance
 m - a potion of resistance {unknown}
 n - a potion of curing
 p - a potion of heal wounds {unknown}
 q - a potion of attraction {unknown}


   Skills:
 + Level 2.0 Fighting
 + Level 1.1 Throwing
 + Level 2.4 Dodging
 + Level 3.2 Unarmed Combat
 + Level 1.3 Spellcasting
 + Level 2.4 Translocations


You had 5 spell levels left.
You didn't know any spells.
Your spell library contained the following spells:

 Spells                   Type           Power      Damage    Failure   Level
 Blink                    Tloc           12%        N/A       17%         2
 Lesser Beckoning         Tloc           12%        N/A       17%         2
 Teleport Other           Tloc           6%         N/A       34%         3
 Ensorcelled Hibernation  Hex/Ice        0%         N/A       43%         2
 Passwall                 Tmut/Erth      0%         N/A       43%         2
 Vhi's Electric Charge    Tloc/Air       6%         N/A       50%         3
 Swiftness                Air            0%         N/A       67%         3
 Manifold Assault         Tloc           6%         N/A       75%         4


Dungeon Overview and Level Annotations

Branches:
Dungeon (3/15)

Altars:


Innate Abilities, Weirdness & Mutations

You are too large for most types of armour.
You have claws for hands.
Your natural rate of healing is unusually fast.
You are covered in fur. (AC +1)
You have tough skin. (AC +1)


Message History

The hobgoblin hits you but does no damage.
The goblin hits you with a +0 dagger.
Robin hits you from afar with a +0 spear.
* * * LOW HITPOINT WARNING * * *
You scratch the hobgoblin.
You kill the hobgoblin!
The hobgoblin flies into a frenzy!
The hobgoblin closely misses Robin.
Robin hits you but does no damage. The goblin hits you with a +0 dagger.
* * * LOW HITPOINT WARNING * * *
You barely miss the goblin.
The hobgoblin closely misses Robin.
The goblin hits you with a +0 dagger.
* * * LOW HITPOINT WARNING * * *
Robin hits you but does no damage.
Unknown command.
The goblin attacks as you move away! The goblin closely misses you.
The hobgoblin hits Robin!
The hobgoblin hits Robin.
Robin hits you but does no damage.
Items here: $ )) †.
You closely miss the hobgoblin.
The hobgoblin hits Robin.
The goblin misses you. Robin misses you.
You scratch the hobgoblin.
The hobgoblin is almost dead.
The hobgoblin barely misses Robin.
The hobgoblin barely misses you.
You closely miss the hobgoblin.
The hobgoblin is almost dead.
The goblin barely misses you. Robin barely misses you.
The hobgoblin completely misses Robin.
You closely miss the hobgoblin.
The hobgoblin is severely wounded.
The hobgoblin hits you.
* * * LOW HITPOINT WARNING * * *
The goblin hits you with a +0 dagger.
* * * LOW HITPOINT WARNING * * *
Robin hits you with a +0 spear.
* * * LOW HITPOINT WARNING * * *
The hobgoblin closely misses you.
You claw Robin!
You kill Robin!
The goblin hits you but does no damage. The hobgoblin hits you.
You die...

#.#. ## #... ...##
###... ####.... .....
......####### #...
............. #... #...
....... ####...#####.#
#.##.(. #.....g@g))..#
#.##.# #.##..)#####.#
#...># #.........#
#.##.##
...........#####.##...
..####..####....†.....#.
# #. ###..###.#... #.
##..# #.###.
#..#####...###.# #.
(..............# #.


You could see a goblin (strong) and a neutral hobgoblin (fast, strong, insane).

Vanquished Creatures
  Robin (D:3)
  2 adders (D:2)
  2 dart slugs
  3 ball pythons
  4 endoplasms
  3 giant cockroaches
  11 goblins
  4 hobgoblins
  2 kobolds
  4 quokkas
  11 bats
  2 frilled lizards
  4 rats
53 creatures vanquished.

Vanquished Creatures (others)
  2 goblins (D:3)
2 creatures vanquished.

Grand Total: 55 creatures vanquished

Notes
Turn   | Place    | Note
-------+----------+-------------------------------------------
     0 | D:1      | Babbit the Troll Warper began the quest for the Orb.
     0 | D:1      | Reached XP level 1. HP: 19/19 MP: 1/1
    24 | D:1      | Reached skill level 1 in Throwing
   225 | D:1      | Reached XP level 2. HP: 27/27 MP: 2/2
   604 | D:1      | Reached XP level 3. HP: 35/35 MP: 3/3
  1031 | D:2      | Reached skill level 3 in Unarmed Combat
  1239 | D:2      | Reached XP level 4. HP: 42/42 MP: 5/5
  1606 | D:3      | Noticed Robin
  1644 | D:3      | Killed Robin
  1644 | D:3      | Slain by a hobgoblin

Illustrated notes

Levels and vault maps discovered:
D:1:      lemuel_arrival_room, layout_basic, minmay_misc_feat_tiny
D:2:      minmay_wonky_spiral, layout_basic, minmay_unequal
D:3:      layout_loops_ring, portal_sewer_entry_b,
          chequers_serial_rivers_micro_a, uniq_robin

Skill      XL: |  1  2  3 |
---------------+----------+-----
Dodging        | 2 |  2.4
Throwing       | 1 |  1.1
Unarmed Combat | 3 |  3.2
Fighting       | 2 |  2.0
Spellcasting   | |  1.3
Translocations | |  2.4

Action                     |  1- 3 |  4- 6 || total
---------------------------+-------+-------++-------
  Melee: Unarmed           |   111 |    45 ||   156
    Use: Scroll            |     2 |       ||     2
         Potion            |       |     1 ||     1
   Stab: Sleeping          |       |     1 ||     1
 Armour: Robe              |    51 |    26 ||    77
  Dodge: Dodged            |    67 |    29 ||    96
